Map: Romanticide LE

Players

ViBE - Winner!

  • Race: Zerg Zerg
  • League: Silver
  • Spawn Location: 5:00

Verdura

  • Race: Zerg Zerg
  • League: Gold
  • Spawn Location: 11:00

VOD

Have the link to the VOD?

Description

Time

  • Played on: March 18, 2021, 2:16 a.m.
  • Length: 4:35
Show
View Real Time Build Order
Export as new Build Order

ViBE Zerg - Winner!

Build Orders: Hatch First 

Get SALT Encoding   

  12  0:00  Drone  
  13  0:14  Overlord  
  13  0:16  Drone  
  14  0:35  Drone  
  14  0:36  Drone  
  16  0:45  Drone  
  17  0:53  Hatchery  
  16  1:07  Drone  
  16  1:08  Drone  
  18  1:18  Spawning Pool  
  17  1:19  Drone  
  18  1:28  Drone  
  18  1:31  Drone  
  20  1:36  Extractor  
  19  1:44  Drone  
  20  2:04  Drone  
  20  2:05  Drone, Queen  
  20  2:06  Queen  
  26  2:16  Drone x2  
  26  2:18  Overlord  
  28  2:34  Overlord  
  28  2:38  Drone x3  
  28  2:43  Lair  
  31  2:47  Queen  
  31  2:49  Drone  
  31  2:50  Drone  
  35  3:00  Drone x2  
  37  3:07  Drone  
  37  3:12  Overlord  
  38  3:18  Drone  
  38  3:19  Drone x5  
  44  3:23  Roach Warren  
  44  3:25  Evolution Chamber  
  42  3:32  Evolution Chamber  
  41  3:34  Drone  
  41  3:35  Drone x3  
  41  3:40  Extractor  
  44  3:42  Extractor  
  44  3:44  Overlord  
  43  3:56  Evolution Chamber  
  43  4:01  Overlord  
  42  4:03  Roach x4  
  42  4:04  Roach x2  
  52  4:14  Evolution Chamber  
Show
View Real Time Build Order
Export as new Build Order

Verdura Zerg 

Build Orders: Pool First 

Get SALT Encoding   

  12  0:02  Drone  
  13  0:10  Drone  
  14  0:17  Overlord  
  14  0:35  Drone x2  
  16  0:36  Drone  
  17  0:47  Drone  
  18  1:02  Spawning Pool  
  18  1:04  Extractor  
  16  1:06  Drone  
  17  1:11  Drone  
  18  1:19  Overlord  
  18  1:31  Drone, Extractor  
  18  1:45  Overlord  
  18  1:51  Hatchery, Queen  
  19  2:05  Metabolic Boost  
  19  2:17  Zergling x6  
  22  2:40  Zergling x4  
  24  2:54  Zergling x2, Baneling Nest  
  24  3:03  Zergling x2  
  25  3:20  Zergling x6  
  25  3:21  Zergling x2  
  29  3:28  Queen  
  29  3:31  Zergling x4  
  29  3:32  Zergling x4  
  35  3:40  Overlord  
  35  3:47  Zergling x4  
  37  3:54  Baneling x3  
  35  4:03  Zergling x10  
  35  4:07  Baneling x4  
Tags
 
Matchup
ZvZ
Player
ViBE
Race
Zerg
Spawn Locations
Cross Positions
Add a new tag
Caveats
  • Supply blocks, unpowered buildings, or Contaminate may cause inaccurate times.
  • Supply counts are checked every 10 seconds.